 Dungeon Crawl Stone Soup version 0.30.1-11-g7821555f0a (webtiles) character file.

Game seed: 4332908938074605712

39 Ijustatesigmund the Digger (level 3, 0/20 HPs)
             Began as a Gargoyle Earth Elementalist on Nov 15, 2023.
             Shot with an arrow by a centaur (5 damage)
             ... on level 3 of the Dungeon.
             The game lasted 00:03:18 (2269 turns).

Ijustatesigmund the Digger (GrEE)                   Turns: 2269, Time: 00:03:19

Health: 0/20       AC:  5    Str: 11    XL:     3   Next: 47%
Magic:  6/6        EV: 11    Int: 17    God:
Gold:   143        SH:  0    Dex: 10    Spells: 3/7 levels left

rFire   . . .        d - +0 club
rCold   + . .        (no shield)
rNeg    + . .        a - +0 robe
rPois   ∞            (no helmet)
rElec   +            (no cloak)
rCorr   .            (no gloves)
SInv    .            (no boots)
Will    .....        (no amulet)
Stlth   ++           n - ring of protection from cold
HPRegen 0.23/turn    (no ring)
MPRegen 0.10/turn

%: no passive effects
@: no status effects
A: sickness immunity, AC +3, negative energy resistance 1, electricity
resistance, torment resistance 1, petrification resistance
a: no special abilities


You were on level 3 of the Dungeon.
You visited 1 branch of the dungeon, and saw 3 of its levels.

You collected 143 gold pieces.

Inventory:

Hand Weapons
 d - a +0 club (weapon)
Armour
 a - a +0 robe (worn)
 i - a +0 pair of gloves
Jewellery
 n - a ring of protection from cold (left hand)
Scrolls
 f - a scroll of fear {unknown}
 g - a scroll of silence {unknown}
 j - a scroll of teleportation {unknown}
 k - a scroll of summoning {unknown}
 m - a scroll of identify {unknown}
Potions
 c - a potion of brilliance {unknown}
 e - a potion of lignification {unknown}
 h - a potion of attraction {unknown}
 l - a potion of curing


   Skills:
 - Level 1.2 Fighting
 + Level 0.9 Maces & Flails
 - Level 1.5 Dodging
 - Level 2.1 Stealth
 + Level 2.5 Spellcasting
 * Level 0.7 Conjurations
 - Level 0.7 Transmutations
 + Level 4.1 Earth Magic


You had 3 spell levels left.
You knew the following spells:

 Your Spells              Type           Power      Damage    Failure   Level
a - Sandblast             Erth           32%        2d9       3%          1
b - Stone Arrow           Conj/Erth      20%        3d8       21%         3

Your spell library contained the following spells:

 Spells                   Type           Power      Damage    Failure   Level
 Passwall                 Tmut/Erth      8%         N/A       11%         2
 Wereblood                Tmut           4%         N/A       21%         2
 Momentum Strike          Conj/Tloc      6%         3d8       24%         2
 Blink                    Tloc           4%         N/A       28%         2
 Lesser Beckoning         Tloc           4%         N/A       28%         2
 Petrify                  Tmut/Erth      10%        N/A       56%         4
 Summon Hydra             Summ           1%         N/A       100%        7
 Sublimation of Blood     Necr           Unusable   N/A       N/A         2

Dungeon Overview and Level Annotations

Branches:
Dungeon (3/15)

Altars:
Makhleb

Annotations:
D:2 1 runed translucent door, Crazy Yiuf


Innate Abilities, Weirdness & Mutations

You are immune to sickness and miasma.
Your stone body is resilient. (AC +3)
You are immune to poison.
You resist negative energy. (rN+)
You are resistant to electric shocks. (rElec)
You are resistant to unholy torment.
You are immune to petrification.


Message History

The spell is extremely dangerous to miscast (21% risk of failure)!
Continue anyway?
Aiming: Stone Arrow (extremely dangerous; 21% risk of failure)
Press: ? - help, Shift-Dir - straight line, f - centaur
Aim: a centaur (asleep, 100% to hit)
You miscast Stone Arrow.
You are very lightly contaminated with residual magic.
Nothing appears to happen.
Unknown command.
You start resting.
Your magical contamination has completely faded away.
You start resting.
Magic restored.
The centaur shouts!
The centaur wields a +0 shortbow.
The centaur shoots an arrow.
The arrow hits you.
Casting: Stone Arrow (extremely dangerous; 21% risk of failure)
Confirm with . or Enter, or press ? or * to list all spells.
The spell is extremely dangerous to miscast (21% risk of failure)!
Continue anyway?
Aiming: Stone Arrow (extremely dangerous; 21% risk of failure)
Press: ? - help, Shift-Dir - straight line, f/p - centaur
Aim: a centaur, wielding a +0 shortbow (81% to hit)
The stone arrow hits the centaur!
The centaur is severely wounded.
The centaur shoots an arrow.
The arrow hits you.
The centaur shoots an arrow.
The arrow hits you!
* * * LOW HITPOINT WARNING * * *
Casting: Stone Arrow (extremely dangerous; 21% risk of failure)
Confirm with . or Enter, or press ? or * to list all spells.
The spell is extremely dangerous to miscast (21% risk of failure)!
Continue anyway?
Aiming: Stone Arrow (extremely dangerous; 21% risk of failure)
Press: ? - help, Shift-Dir - straight line, f/p - centaur
Aim: a centaur, wielding a +0 shortbow (severely wounded, 81% to hit)
The stone arrow misses the centaur.
It was a potion of curing.
You feel better.
The centaur shoots an arrow.
The arrow hits you!
* * * LOW HITPOINT WARNING * * *
The centaur shoots an arrow.
The arrow misses you. Magic courses through your body.
The centaur shoots an arrow.
The arrow hits you.
You die...

#.##...............
####....##............
................######
#....#####.#.#
+..........#.#
#######....#######.#
........######## #.#
.#######.......# #.#
#@#####.# #.# #.# #.#
#......c...#
#....c...###
#...........
#........###
.........# .#...#..#.#
.###.# #....


You could see a centaur.

Vanquished Creatures
  4 ball pythons
  2 bats
  5 endoplasms
  7 giant cockroaches
  3 hobgoblins (D:2)
  A frilled lizard (D:1)
  4 goblins
  3 kobolds
  5 rats
34 creatures vanquished.

Notes
Turn   | Place    | Note
-------+----------+-------------------------------------------
     0 | D:1      | Ijustatesigmund the Gargoyle Earth Elementalist began the
                  | quest for the Orb.
     0 | D:1      | Reached XP level 1. HP: 10/10 MP: 3/3
   218 | D:1      | Reached XP level 2. HP: 16/16 MP: 0/5
   747 | D:1      | Reached skill level 1 in Fighting
   880 | D:1      | Reached skill level 4 in Earth Magic
  1157 | D:2      | Reached XP level 3. HP: 20/20 MP: 3/6
  1161 | D:2      | Learned a level 3 spell: Stone Arrow
  1363 | D:2      | Found a burning altar of Makhleb.
  1565 | D:2      | Found a runed translucent door.
  1566 | D:2      | Noticed Crazy Yiuf
  2233 | D:3      | Noticed a centaur
  2269 | D:3      | Shot with an arrow by a centaur

Illustrated notes

Levels and vault maps discovered:
D:1:      dpeg_arrival_arbitrary_c, layout_loops_cross
D:2:      layout_basic, basic_altar, uniq_crazy_yiuf_cottage
D:3:      layout_basic, xom_teletrap_fun, vehumet_crystals, serial_shops,
          nicolae_shop_behind_doors, grunt_ministairs_5, supply_closet_lemuel,
          minmay_misc_feat_encased

Skill      XL: |  1  2 |
---------------+-------+-----
Fighting       | 1 |  1.2
Earth Magic    | 4 |  4.1
Maces & Flails | |  0.9
Dodging        | |  1.5
Stealth        | |  2.1
Spellcasting   | |  2.5
Conjurations   | |  0.7
Transmutations | |  0.7

Action                     || total
---------------------------++-------
  Melee: Unarmed           ||     3
         Club              ||     2
   Cast: Sandblast         ||    45
         Stone Arrow       ||     2
    Use: Potion            ||     2
 Armour: Robe              ||     3
  Dodge: Dodged            ||    11
